 Dungeon Crawl Stone Soup version 0.25-a0-294-gea9b1ad378 (webtiles) character file.

Game seed: 5441224756114802978, levelgen mode: deterministic

72 Blejac999 the Skirmisher (level 4, -8/37 HPs)
             Began as a Demonspawn Abyssal Knight on Dec 18, 2019.
             Was a Follower of Lugonu.
             Mangled by Sigmund
             ... wielding a +0 scythe
              (9 damage)
             ... on level 3 of the Dungeon.
             The game lasted 00:05:44 (2571 turns).

Blejac999 the Skirmisher (DsAK)                     Turns: 2571, Time: 00:05:45

Health: -8/37      AC:  3    Str: 13    XL:     4   Next: 7%
Magic:  6/6        EV: 11    Int: 14    God:    Lugonu [*.....]
Gold:   84         SH:  0    Dex: 10    Spells: 3/3 levels left

rFire    . . .     SeeInvis .   g - +4 quarterstaff (chaos)
rCold    . . .     Gourm    .   (shield currently unavailable)
rNeg     . . .     Faith    .   b - +0 leather armour
rPois    .         Spirit   .   (no helmet)
rElec    .         Reflect  .   i - +1 cloak
rCorr    .         Harm     .   (no gloves)
MR       .....                  (no boots)
Stlth    +.........             (no amulet)
HPRegen  0.12/turn              (no ring)
MPRegen  0.10/turn              (no ring)

@: no status effects
A: talons 2, clumsy 1, deformed body, demonic guardian 1, evolution 1,
MP-powered wands
a: Depart the Abyss, Renounce Religion


You were on level 3 of the Dungeon.
You worshipped Lugonu.
Lugonu was aware of your devotion.
You were not hungry.

You visited 1 branch of the dungeon, and saw 3 of its levels.
You visited the Abyss 1 time.

You collected 84 gold pieces.

Inventory:

Hand Weapons
 g - a +4 quarterstaff of chaos (weapon)
Armour
 b - a +0 leather armour (worn)
 i - a +1 cloak (worn)
Jewellery
 d - an uncursed amulet of harm
Scrolls
 a - a scroll of identify
Comestibles
 c - 3 rations
 f - a chunk of flesh


   Skills:
 + Level 3.7 Fighting
   Level 2.8 Long Blades
 + Level 2.0 Armour
 + Level 1.2 Dodging
 + Level 3.0 Invocations


You had 3 spell levels left.
You didn't know any spells.
Your spell library was empty.

Dungeon Overview and Level Annotations

Branches:
Dungeon (3/15)

Altars:
Qazlal

Annotations:
D:3 Sigmund


Innate Abilities, Weirdness & Mutations

You have razor-sharp toenails.
A weak demonic guardian rushes to your aid.
You are clumsy. (Dex -2)
Armour fits poorly on your strangely shaped body.
You evolve.
You expend magic power (3 MP) to strengthen your wands.


Message History

Deactivating autopickup; reactivate with Ctrl-A.
You closely miss something. Something hits you!
* * * LOW HITPOINT WARNING * * *
Unknown command.
You hit something.
Nothing appears to happen.
Your kick misses something. Something hits you.
* * * LOW HITPOINT WARNING * * *
Unknown command.
You feel much better. Something hits you.
You miss something.
You hear some strange, mumbled words.
A puff of flame appears from out of thin air!
The puff of flame hits you!
* * * LOW HITPOINT WARNING * * *
You hear some strange, mumbled words.
A magic dart appears from out of thin air!
The magic dart hits you!
* * * LOW HITPOINT WARNING * * *
You closely miss something. Something hits you!
You die...

#.###.## #.# ###
### #.#
..####.#####
#.#........#
#.#.##.###.#
###รท#.##.###.##
#..............
#.......5@...#.##
....?.#.#.#{..##
........#........
.##.#####.##.#####
#. #.# .# # ..# '#
#### .. ## # ..
#.. ....


You could see a friendly quasit.

Vanquished Creatures
  Crazy Yiuf (D:3)
  An adder (D:3)
  A dart slug (D:1)
  An orc (D:3)
  A ball python (D:3)
  A giant cockroach (D:2)
  7 goblins
  5 hobgoblins
  2 jackals (D:1)
  4 kobolds
  4 bats
  3 frilled lizards (D:1)
  4 rats
35 creatures vanquished.

Notes
Turn   | Place    | Note
-------+----------+-------------------------------------------
     0 | Abyss:1  | Blejac999 the Demonspawn Abyssal Knight began the quest for
                  | the Orb.
     0 | Abyss:1  | Reached XP level 1. HP: 18/18 MP: 2/2
    43 | Abyss:1  | Noticed a basilisk
    78 | Abyss:1  | Noticed a rakshasa
   100 | Abyss:1  | Noticed a fire bat
   105 | D:1      | Escaped the Abyss
   551 | D:1      | Gained mutation: You have sharp toenails. [demonic
                  | ancestry]
   551 | D:1      | Reached XP level 2. HP: 24/24 MP: 4/4
   563 | D:1      | Reached * piety under Lugonu
   683 | D:1      | Reached skill level 1 in Dodging
  1134 | D:2      | Gained mutation: You occasionally shout uncontrollably at
                  | your foes. [potion of mutation]
  1134 | D:2      | Gained mutation: Your spells are a little harder to cast,
                  | but a little more powerful. [potion of mutation]
  1191 | D:2      | Gained mutation: A weak demonic guardian rushes to your
                  | aid. [demonic ancestry]
  1191 | D:2      | Reached XP level 3. HP: 24/29 MP: 5/5
  1235 | D:2      | Found a stormy altar of Qazlal.
  1312 | D:2      | Lost mutation: Your spells are a little harder to cast, but
                  | a little more powerful. [potion of mutation]
  1312 | D:2      | Lost mutation: You occasionally shout uncontrollably at
                  | your foes. [potion of mutation]
  1312 | D:2      | Gained mutation: You are clumsy. (Dex -2) [potion of
                  | mutation]
  1312 | D:2      | Gained mutation: You expend magic power (3 MP) to
                  | strengthen your wands. [potion of mutation]
  1312 | D:2      | Gained mutation: You evolve. [potion of mutation]
  1748 | D:3      | Noticed Sigmund
  2159 | D:3      | Gained mutation: Armour fits poorly on your strangely
                  | shaped body. [evolution]
  2173 | D:3      | Found a runed translucent door.
  2174 | D:3      | Noticed Crazy Yiuf
  2180 | D:3      | Paralysed by Crazy Yiuf for 2 turns
  2185 | D:3      | Killed Crazy Yiuf
  2185 | D:3      | Gained mutation: You have razor-sharp toenails. [demonic
                  | ancestry]
  2185 | D:3      | Reached XP level 4. HP: 20/37 MP: 6/6
  2570 | D:3      | HP: 1/37 [something/magic dart (9)]
  2571 | D:3      | Mangled by Sigmund

Levels and vault maps discovered:
D:1:      dpeg_arrival_fog, layout_basic
D:2:      layout_loops_ring, grunt_qazlal_clouds
D:3:      layout_loops_corners, uniq_sigmund, uniq_crazy_yiuf_cottage,
          uniq_terence

Skill      XL: |  1  2  3 |
---------------+----------+-----
Long Blades    | 2 |  2.8
Invocations    | 3 |  3.0
Dodging        | 1 |  1.2
Armour         | 2 |  2.0
Fighting       | |  3.7

Action                   |  1- 3 |  4- 6 || total
-------------------------+-------+-------++-------
Melee: Falchion          |    83 |       ||    83
       Kick              |    10 |       ||    10
       Quarterstaff      |       |     7 ||     7
Invok: Depart the Abyss  |     1 |       ||     1
  Use: Potion            |     6 |     1 ||     7
       Scroll            |     5 |       ||     5
  Eat: Chunk             |     4 |     1 ||     5
Armor: Leather armour    |    26 |       ||    26
Dodge: Dodged            |    58 |     5 ||    63
       Rpst.: Falchion   |    18 |       ||    18

Table legend:
 A = Non-vault XP
 B = Vault XP
 C = Vault XP percentage of total XP
 D = Non-vault monster count
 E = Vault monster count
 F = Vault count percentage of total count
                 A         B        C        D         E       F
            +---------+---------+-------+---------+---------+-------
      Total |      71 |      33 |  31.7 |      34 |       1 |   2.9
            +---------+---------+-------+---------+---------+-------
        D:1 |      35 |       0 |   0.0 |      21 |       0 |   0.0
        D:2 |      15 |       0 |   0.0 |       9 |       0 |   0.0
        D:3 |      21 |      33 |  61.1 |       4 |       1 |  20.0
            +---------+---------+-------+---------+---------+-------
